AoeStats
← Anto

Golden Pit

509110210Analyzed
1v1 RM · 5d ago on Sep 25, 2026· 54m 41s· 2 players
Game mode
Random Map
Map size
Tiny (2 player)
Population
200
Speed
Normal
Resources
Standard
Victory
Conquest
Starting age
Dark Age
Ending age
Imperial Age
RankedLock teamsTeams togetherTeam positionsShared explorationLock speedFull tech treeHidden civsTurbo modeCheats
Victory
Defeat
🇫🇷 Malay · France
861
+46
🇪🇸 Goths · Spain
887
-17
Anto
7:56 Loom
11:28 Feudal Age
11:47 Double-Bit Axe
11:44 Horse Collar
17:20 Scale Barding Armor
17:25 Forging
23:56 Castle Age
22:07 Stone Mining
22:16 Gold Mining
23:55 Husbandry
24:48 Iron Casting
26:00 Squires
25:46 Arson
26:44 Wheelbarrow
33:24 Hand Cart
38:13 Imperial Age
37:00 Gold Shaft Mining
36:30 Heavy Plow
39:16 Blast Furnace
44:24 Elite Battle Elephant
44:38 Elite Karambit Warrior
45:40 Conscription
rodcamu
3:30 Loom
11:22 Feudal Age
12:02 Man-at-Arms
13:12 Scale Mail Armor
15:42 Forging
17:14 Town Watch
22:10 Castle Age
20:13 Double-Bit Axe
22:09 Wheelbarrow
21:32 Horse Collar
25:20 Squires
24:41 Pikeman
24:42 Long Swordsman
25:59 Town Patrol
26:35 Chain Mail Armor
26:56 Iron Casting
43:31 Hand Cart
43:39 Hand Cart
46:20 Imperial Age
47:06 Anarchy
47:20 Halberdier
47:22 Two-Handed Swordsman
49:08 Blast Furnace
50:12 Perfusion
50:07 Champion
Connection lost

Rejoining the realm…

Still unreachable

The connection could not be restored.

Session expired

The server has moved on; the page needs a fresh start.